Maple Leafs vs Blackhawks (R1)

Created - 18 février 2016 at 19:03

Goals
1 2 3 T
Maple Leafs 0 1 0 1
Blackhawks 1 1 1 3
Shots
1 2 3 T
Maple Leafs 3 13 14 30
Blackhawks 14 11 8 33

1st period

1. Blackhawks , Dominic Moore 11 (Brent Burns, Sheldon Keefe) at 15:08

Penalties :
Justin Abdelkader (Tor) for Holding (Minor) at 1:12, Evgeni Malkin (Tor) for Hooking (Minor) at 4:39

2nd period

2. Blackhawks , Sheldon Keefe 7 (Daniel Carcillo, Viktor Kozlov) at 10:24
3. Maple Leafs , Colby Armstrong 10 (Taylor Chorney, Brendan Morrison) at 12:32 (PP)

Penalties :
John Carlson (Chi) for Hooking (Minor) at 5:12, Henrik Zetterberg (Chi) for Roughing (Minor) at 11:54

3rd period

4. Blackhawks , Dominic Moore 12 (Daniel Carcillo) at 19:34

Penalties :
John Carlson (Chi) for Hooking (Minor) at 0:22, Alexander Frolov (Tor) for Boarding (Minor) at 3:44, Sheldon Keefe (Chi) for Hooking (Minor) at 9:00, Andy Rogers (Chi) for Hooking (Minor) at 9:53, Martins Karsums (Tor) for Roughing (Minor) at 17:23

Goalie Stats

Marc-André Fleury (Tor), 30 saves from 33 shots - (0,909), L, 28-16-2, 60:00 minutes
Tyler Weiman (Chi), 29 saves from 30 shots - (0,967), W, 23-16-4, 60:00 minutes

Players Stats for Maple Leafs

Player Name              G  A  P  +/- PIM S  H  SB GA TA FO     MP     PP MP  PK MP  
------------------------------------------------------------------------------------
Alexander Frolov         0  0  0   0  2   2  2  0  0  0  2/3    20:48   4:26   2:40 
Blake Comeau             0  0  0   0  0   2  2  0  0  0  0/0    10:13   0:00   2:22 
Braydon Coburn           0  0  0  -2  0   3  1  3  0  0  0/0    27:33   4:34   4:50 
Brendan Morrison         0  1  1  -1  0   3  4  0  1  0  4/8    17:30   3:02   2:21 
Claude Giroux            0  0  0   0  0   2  0  0  3  0  6/8    22:22   4:26   4:44 
Colby Armstrong          1  0  1  -1  0   2  3  0  0  0  1/2    13:50   3:02   0:00 
Evgeni Malkin            0  0  0  -1  2   3  0  0  2  0  9/23   20:40   4:14   3:06 
Fabian Brunnstrom        0  0  0  -1  0   1  1  0  1  0  0/0    15:19   3:02   0:18 
Jamie McBain             0  0  0  -1  0   0  0  0  1  1  0/0    20:40   2:54   3:06 
Jordan Staal             0  0  0  -2  0   1  1  0  0  0  4/4    12:10   0:12   0:21 
Justin Abdelkader        0  0  0   0  2   1  1  0  0  0  0/0     7:58   0:00   0:00 
Justin Schultz           0  0  0   0  0   0  1  0  1  0  0/0    11:47   0:00   0:00 
Martins Karsums          0  0  0  -1  2   1  0  0  0  0  1/1    12:01   0:00   0:00 
Matt Pettinger           0  0  0  -2  0   2  1  0  0  0  0/0    11:18   0:00   0:00 
Noah Welch               0  0  0   0  0   0  0  0  0  0  0/0    11:47   0:00   0:00 
Rob Schremp              0  0  0   0  0   1  1  0  0  0  1/4     7:51   0:00   0:00 
Taylor Chorney           0  1  1  -1  0   2  1  0  1  0  0/0    20:40   2:54   3:06 
Tobias Enstrom           0  0  0  -2  0   4  3  5  1  0  0/0    27:33   4:34   4:50 

Players Stats for Blackhawks

Player Name              G  A  P  +/- PIM S  H  SB GA TA FO     MP     PP MP  PK MP  
------------------------------------------------------------------------------------
Andy Rogers              0  0  0   1  2   2  2  1  0  1  0/0    17:18   0:00   3:42 
Brent Burns              0  1  1   1  0   1  1  2  0  2  0/0    29:07   5:18   3:14 
Chris Campoli            0  0  0   1  0   0  2  0  0  0  0/0    14:00   2:38   0:53 
Chris Higgins            0  0  0   0  0   1  3  0  0  0  0/2    18:10   2:39   1:28 
Daniel Carcillo          0  2  2   3  0   2  3  0  0  0  0/0    10:40   0:00   0:05 
Dominic Moore            2  0  2   3  0   6  0  1  0  0  7/14   14:20   0:00   3:45 
Henrik Zetterberg        0  0  0   0  2   5  1  0  0  0  2/4    18:24   5:17   1:04 
Jamie Langenbrunner      0  0  0   0  0   0  1  0  0  2  0/0    11:22   0:00   3:32 
Jeff Schultz             0  0  0   2  0   1  2  0  0  1  0/0    23:21   2:38   5:20 
John Carlson             0  0  0   1  4   1  5  2  0  0  0/0    24:19   5:18   0:00 
Kris Versteeg            0  0  0   0  0   5  3  1  1  1  2/3    19:06   5:17   0:00 
Pierre-Marc Bouchard     0  0  0   0  0   2  2  0  0  3  2/8    15:32   2:39   0:34 
Robert Nilsson           0  0  0   0  0   3  1  1  0  1  11/20  19:06   5:17   0:00 
Ryan Malone              0  0  0   0  0   0  0  0  0  0  0/0     7:49   0:00   0:00 
Sheldon Keefe            1  1  2   3  2   2  2  1  0  0  0/0    12:31   0:00   1:53 
Steve Bernier            0  0  0   0  0   2  1  0  0  0  0/0    14:52   2:39   0:00 
Viktor Kozlov            0  1  1   0  0   0  2  0  0  0  1/2     9:22   0:00   1:29 
Wes O'Neill              0  0  0   0  0   0  1  0  0  0  0/0    12:02   0:00   1:46 

3 Stars

1 - Dominic Moore (Chi)
2 - Sheldon Keefe (Chi)
3 - Daniel Carcillo (Chi)

Power Play

Maple Leafs - 1 on 5 Attempt(s) - 20,00%
Blackhawks - 0 on 4 Attempt(s) - 0,00%

Penalty Kill

Maple Leafs - 4 on 4 Attempt(s) - 100,00% - Score 0 goal in Penalty Kill
Blackhawks - 4 on 5 Attempt(s) - 80,00% - Score 0 goal in Penalty Kill

Team Stat

Maple Leafs - Hits : 22 - Faceoff Wins : 28 - Blocked Shots : 8 - Penalty Minutes : 8
Blackhawks - Hits : 32 - Faceoff Wins : 25 - Blocked Shots : 9 - Penalty Minutes : 10

Official

Referees : Hebert Ghislain and VanMassenhoven Don
Linesman : Scott Driscoll and Greg Devorski

Game Notes

No Game Note

Finance

Level 1 -- Attendance: 3705 (61,75%) -- Ticket Income 407 550 $
Level 2 -- Attendance: 3802 (76,04%) -- Ticket Income 224 318 $
Level 3 -- Attendance: 1413 (70,65%) -- Ticket Income 55 107 $
Level 4 -- Attendance: 2159 (53,98%) -- Ticket Income 75 565 $
Luxury Box -- Attendance: 630 (63,00%) -- Ticket Income 132 300 $
Game was played at the Chicago Stadium.
Total Attendance: 11709 (65,05%)
Total Ticket Income: 894 840 $
Other Income: 134 226 $
Total Income: 1 029 066 $

Maple Leafs

5 vs 5 Forward 
   Center                   Left Wing                Right Wing               Time % Phy DF OF 
 1 Evgeni Malkin            Alexander Frolov         Claude Giroux            40     1   2  2  
 2 Brendan Morrison         Fabian Brunnstrom        Martins Karsums          30     1   2  2  
 3 Jordan Staal             Matt Pettinger           Colby Armstrong          20     1   2  2  
 4 Rob Schremp              Justin Abdelkader        Blake Comeau             10     1   2  2  

5 vs 5 Defense 
   Defense                  Defense                                           Time % Phy DF OF 
 1 Tobias Enstrom           Braydon Coburn                                    40     1   2  2  
 2 Taylor Chorney           Jamie McBain                                      30     1   2  2  
 3 Justin Schultz           Noah Welch                                        20     1   2  2  
 4 Tobias Enstrom           Braydon Coburn                                    10     1   2  2  

PowerPlay Forward 
   Center                   Left Wing                Right Wing               Time % Phy DF OF 
 1 Evgeni Malkin            Alexander Frolov         Claude Giroux            60     1   2  2  
 2 Brendan Morrison         Fabian Brunnstrom        Colby Armstrong          40     1   2  2  

PowerPlay Defense
   Defense                  Defense                                           Time % Phy DF OF 
 1 Tobias Enstrom           Braydon Coburn                                    60     1   2  2  
 2 Taylor Chorney           Jamie McBain                                      40     1   2  2  

Penalty Kill 4 Players Forward 
   Center                   Wing                     Time % Phy DF OF 
 1 Claude Giroux            Evgeni Malkin            60     1   2  2  
 2 Alexander Frolov         Brendan Morrison         40     1   2  2  

Penalty Kill 4 Players Defense
   Defense                  Defense                  Time % Phy DF OF 
 1 Tobias Enstrom           Braydon Coburn           60     1   2  2  
 2 Taylor Chorney           Jamie McBain             40     1   2  2  

Penalty Kill - 3 Players Forward 
   Forward                                           Time % Phy DF OF 
 1 Claude Giroux                                     60     1   2  2  
 2 Evgeni Malkin                                     40     1   2  2  

Penalty Kill - 3 Players Defense
   Defense                  Defense                  Time % Phy DF OF 
 1 Tobias Enstrom           Braydon Coburn           60     1   2  2  
 2 Taylor Chorney           Jamie McBain             40     1   2  2  

4 vs 4 Forward 
   Center                   Wing                     Time % Phy DF OF 
 1 Claude Giroux            Evgeni Malkin            60     1   2  2  
 2 Alexander Frolov         Brendan Morrison         40     1   2  2  

4 vs 4 Defense
   Defense                  Defense                  Time % Phy DF OF 
 1 Tobias Enstrom           Braydon Coburn           60     1   2  2  
 2 Taylor Chorney           Jamie McBain             40     1   2  2  

Last Minutes Offensive
   Center                   Left Wing                Right Wing               Defense                  Defense                  
   Evgeni Malkin            Alexander Frolov         Claude Giroux            Tobias Enstrom           Braydon Coburn           

Last Minutes Defensive
   Center                   Left Wing                Right Wing               Defense                  Defense                  
   Evgeni Malkin            Alexander Frolov         Claude Giroux            Tobias Enstrom           Braydon Coburn           

Goaltenders
Starting : Marc-André Fleury        
Backup : Mike Smith               

Extra Forwards
Normal : Jordan Staal, Matt Pettinger, Blake Comeau - PP : Jordan Staal, Matt Pettinger - PK : Blake Comeau
Extra Defensemen
Normal : Justin Schultz, Noah Welch, Taylor Chorney - PP : Justin Schultz - PK : Noah Welch, Taylor Chorney
Penalty Shots
Claude Giroux, Evgeni Malkin, Alexander Frolov, Brendan Morrison, Fabian Brunnstrom

Blackhawks

5 vs 5 Forward 
   Center                   Left Wing                Right Wing               Time % Phy DF OF 
 1 Robert Nilsson           Chris Higgins            Kris Versteeg            40     1   2  2  
 2 Pierre-Marc Bouchard     Henrik Zetterberg        Steve Bernier            30     1   2  2  
 3 Dominic Moore            Daniel Carcillo          Sheldon Keefe            20     1   2  2  
 4 Viktor Kozlov            Ryan Malone              Jamie Langenbrunner      10     1   2  2  

5 vs 5 Defense 
   Defense                  Defense                                           Time % Phy DF OF 
 1 Brent Burns              John Carlson                                      40     1   2  2  
 2 Andy Rogers              Jeff Schultz                                      30     1   2  2  
 3 Wes O'Neill              Chris Campoli                                     20     1   2  2  
 4 Brent Burns              Jeff Schultz                                      10     1   2  2  

PowerPlay Forward 
   Center                   Left Wing                Right Wing               Time % Phy DF OF 
 1 Robert Nilsson           Henrik Zetterberg        Kris Versteeg            60     1   2  2  
 2 Pierre-Marc Bouchard     Chris Higgins            Steve Bernier            40     1   2  2  

PowerPlay Defense
   Defense                  Defense                                           Time % Phy DF OF 
 1 Brent Burns              John Carlson                                      60     1   2  2  
 2 Jeff Schultz             Chris Campoli                                     40     1   2  2  

Penalty Kill 4 Players Forward 
   Center                   Wing                     Time % Phy DF OF 
 1 Dominic Moore            Jamie Langenbrunner      60     1   2  2  
 2 Viktor Kozlov            Sheldon Keefe            40     1   2  2  

Penalty Kill 4 Players Defense
   Defense                  Defense                  Time % Phy DF OF 
 1 Andy Rogers              Jeff Schultz             60     1   2  2  
 2 Wes O'Neill              Brent Burns              40     1   2  2  

Penalty Kill - 3 Players Forward 
   Forward                                           Time % Phy DF OF 
 1 Henrik Zetterberg                                 60     1   2  2  
 2 Dominic Moore                                     40     1   2  2  

Penalty Kill - 3 Players Defense
   Defense                  Defense                  Time % Phy DF OF 
 1 Brent Burns              Jeff Schultz             60     1   2  2  
 2 Andy Rogers              Brent Burns              40     1   2  2  

4 vs 4 Forward 
   Center                   Wing                     Time % Phy DF OF 
 1 Robert Nilsson           Kris Versteeg            60     1   2  2  
 2 Pierre-Marc Bouchard     Henrik Zetterberg        40     1   2  2  

4 vs 4 Defense
   Defense                  Defense                  Time % Phy DF OF 
 1 Brent Burns              John Carlson             60     1   2  2  
 2 Andy Rogers              Jeff Schultz             40     1   2  2  

Last Minutes Offensive
   Center                   Left Wing                Right Wing               Defense                  Defense                  
   Robert Nilsson           Henrik Zetterberg        Kris Versteeg            Brent Burns              Jeff Schultz             

Last Minutes Defensive
   Center                   Left Wing                Right Wing               Defense                  Defense                  
   Robert Nilsson           Henrik Zetterberg        Kris Versteeg            Brent Burns              Jeff Schultz             

Goaltenders
Starting : Tyler Weiman             
Backup : Jocelyn Thibault         

Extra Forwards
Normal : Dominic Moore, Daniel Carcillo, Sheldon Keefe - PP : Dominic Moore, Daniel Carcillo - PK : Sheldon Keefe
Extra Defensemen
Normal : Chris Campoli, Wes O'Neill, Andy Rogers - PP : Wes O'Neill - PK : Jeff Schultz, Andy Rogers
Penalty Shots
Henrik Zetterberg, Steve Bernier, Kris Versteeg, Pierre-Marc Bouchard, Robert Nilsson

% Time on Ice - Maple Leafs

Lines # - Real PCT - Wanted PCT - Time Play
Normal Forward
1 - 30% - 40% - 13:20
2 - 28% - 30% - 12:30
3 - 24% - 20% - 10:47
4 - 18% - 10% - 7:51
Normal Defense
1 - 38% - 40% - 16:48
2 - 33% - 30% - 14:32
3 - 26% - 20% - 11:47
4 - 3% - 10% - 1:21
PP Forward
1 - 59% - 60% - 4:26
2 - 41% - 40% - 3:02
PP Defense
1 - 61% - 60% - 4:34
2 - 39% - 40% - 2:54
PK Forward
1 - 70% - 60% - 5:35
2 - 30% - 40% - 2:21
PK Defense
1 - 61% - 60% - 4:50
2 - 39% - 40% - 3:06
PK3 Forward
1 - 0% - 60%
2 - 0% - 40%
PK3 Defense
1 - 0% - 60%
2 - 0% - 40%
44 Forward
1 - 0% - 60%
2 - 0% - 40%
44 Defense
1 - 0% - 60%
2 - 0% - 40%
Last Minute Offensive  - 0:08
Last Minute Defensive  - 0:00
Total
Forward - 60:00
Defense - 60:00

% Time on Ice - Blackhawks

Lines # - Real PCT - Wanted PCT - Time Play
Normal Forward
1 - 31% - 40% - 13:55
2 - 28% - 30% - 12:17
3 - 23% - 20% - 10:26
4 - 18% - 10% - 7:49
Normal Defense
1 - 42% - 40% - 18:51
2 - 32% - 30% - 14:01
3 - 21% - 20% - 9:22
4 - 5% - 10% - 2:13
PP Forward
1 - 67% - 60% - 5:17
2 - 33% - 40% - 2:39
PP Defense
1 - 67% - 60% - 5:18
2 - 33% - 40% - 2:38
PK Forward
1 - 74% - 60% - 4:44
2 - 26% - 40% - 1:38
PK Defense
1 - 70% - 60% - 4:27
2 - 30% - 40% - 1:55
PK3 Forward
1 - 97% - 60% - 1:04
2 - 3% - 40% - 0:02
PK3 Defense
1 - 80% - 60% - 0:53
2 - 20% - 40% - 0:13
44 Forward
1 - 0% - 60%
2 - 0% - 40%
44 Defense
1 - 0% - 60%
2 - 0% - 40%
Last Minute Offensive  - 0:00
Last Minute Defensive  - 0:09
Total
Forward - 60:00
Defense - 60:00

Play by Play

1st period


0:01 of 1st period - Evgeni Malkin wins face-off versus Chris Higgins in neutral zone.
0:26 of 1st period - Robert Nilsson is hit by Colby Armstrong.
0:54 of 1st period - Wrist shot by Steve Bernier.
0:54 of 1st period - Stopped by Marc-André Fleury without a rebound.
0:55 of 1st period - Pierre-Marc Bouchard wins face-off versus Rob Schremp in Maple Leafs zone.
0:58 of 1st period - Wrist shot by Henrik Zetterberg.
0:58 of 1st period - Deflect By Pierre-Marc Bouchard.
0:58 of 1st period - Stopped by Marc-André Fleury with a rebound.
1:00 of 1st period - Snap shot by Jeff Schultz.
1:00 of 1st period - Deflect By Noah Welch.
1:00 of 1st period - Stopped by Marc-André Fleury without a rebound.
1:01 of 1st period - Dominic Moore wins face-off versus Rob Schremp in Maple Leafs zone.
1:12 of 1st period - Minor Penalty to Justin Abdelkader for Holding.
1:13 of 1st period - Robert Nilsson wins face-off versus Evgeni Malkin in Maple Leafs zone.
1:39 of 1st period - Braydon Coburn is hit by John Carlson and loses puck.
2:08 of 1st period - Slapshot by Brendan Morrison.
2:08 of 1st period - Shot Blocked by Kris Versteeg.
2:18 of 1st period - Jamie McBain is hit by Chris Campoli and loses puck.
3:12 of 1st period - Penalty to Justin Abdelkader is over, Justin Abdelkader is back on ice.
3:29 of 1st period - Snap shot by Matt Pettinger.
3:29 of 1st period - Shot Blocked by Sheldon Keefe.
3:43 of 1st period - Snap shot by Fabian Brunnstrom.
3:43 of 1st period - Deflect By Brendan Morrison.
3:43 of 1st period - Stopped by Tyler Weiman with a rebound.
4:08 of 1st period - Brendan Morrison is hit by Sheldon Keefe and loses puck.
4:39 of 1st period - Minor Penalty to Evgeni Malkin for Hooking.
4:40 of 1st period - Claude Giroux wins face-off versus Robert Nilsson in Maple Leafs zone.
4:40 of 1st period - Claude Giroux is hit by Kris Versteeg.
4:52 of 1st period - Snap shot by Robert Nilsson.
4:52 of 1st period - Stopped by Marc-André Fleury with a rebound.
5:01 of 1st period - Icing by Henrik Zetterberg.
5:02 of 1st period - Robert Nilsson wins face-off versus Claude Giroux in Blackhawks zone.
5:21 of 1st period - Snap shot by Robert Nilsson.
5:21 of 1st period - Shot Misses the Net.
5:36 of 1st period - Blake Comeau is hit by Kris Versteeg and loses puck.
5:49 of 1st period - Henrik Zetterberg is hit by Brendan Morrison and loses puck.
6:20 of 1st period - Snap shot by Robert Nilsson.
6:20 of 1st period - Shot Misses the Net.
6:39 of 1st period - Penalty to Evgeni Malkin is over, Evgeni Malkin is back on ice.
6:58 of 1st period - Snap shot by Robert Nilsson.
6:58 of 1st period - Shot Misses the Net.
7:18 of 1st period - Wrist shot by Robert Nilsson.
7:18 of 1st period - Shot Misses the Net.
7:20 of 1st period - Slapshot by Brent Burns.
7:20 of 1st period - Shot Blocked by Tobias Enstrom.
7:22 of 1st period - Slapshot by John Carlson.
7:22 of 1st period - Stopped by Marc-André Fleury with a rebound.
7:24 of 1st period - Wrist shot by Kris Versteeg.
7:24 of 1st period - Stopped by Marc-André Fleury with a rebound.
7:26 of 1st period - Slapshot by John Carlson.
7:26 of 1st period - Shot Misses the Net.
7:28 of 1st period - Wrist shot by Henrik Zetterberg.
7:28 of 1st period - Deflect By Evgeni Malkin.
7:28 of 1st period - Stopped by Marc-André Fleury with a rebound.
7:34 of 1st period - Wrist shot by Henrik Zetterberg.
7:34 of 1st period - Shot Blocked by Tobias Enstrom.
7:36 of 1st period - Slapshot by Robert Nilsson.
7:36 of 1st period - Stopped by Marc-André Fleury without a rebound.
7:37 of 1st period - Martins Karsums wins face-off versus Dominic Moore in Maple Leafs zone.
7:48 of 1st period - Snap shot by Fabian Brunnstrom.
7:48 of 1st period - Shot Blocked by Dominic Moore.
7:50 of 1st period - Snap shot by Taylor Chorney.
7:50 of 1st period - Deflect By Sheldon Keefe.
7:50 of 1st period - Stopped by Tyler Weiman with a rebound.
7:52 of 1st period - Snap shot by Jamie McBain.
7:52 of 1st period - Shot Misses the Net.
8:14 of 1st period - Snap shot by Sheldon Keefe.
8:14 of 1st period - Stopped by Marc-André Fleury with a rebound.
8:16 of 1st period - Snap shot by Dominic Moore.
8:16 of 1st period - Stopped by Marc-André Fleury without a rebound.
8:17 of 1st period - Brendan Morrison wins face-off versus Viktor Kozlov in Maple Leafs zone.
8:17 of 1st period - Brendan Morrison is hit by Andy Rogers.
9:04 of 1st period - Snap shot by Blake Comeau.
9:04 of 1st period - Stopped by Tyler Weiman with a rebound.
10:00 of 1st period - Andy Rogers is hit by Tobias Enstrom.
10:16 of 1st period - Blake Comeau is hit by Steve Bernier and loses puck.
11:49 of 1st period - Dominic Moore is hit by Blake Comeau and loses puck.
12:18 of 1st period - Chris Campoli is hit by Colby Armstrong and loses puck.
12:48 of 1st period - Henrik Zetterberg is hit by Blake Comeau and loses puck.
13:18 of 1st period - Alexander Frolov is hit by Viktor Kozlov and loses puck.
13:29 of 1st period - Dominic Moore is hit by Jordan Staal and loses puck.
14:06 of 1st period - Wrist shot by Daniel Carcillo.
14:06 of 1st period - Stopped by Marc-André Fleury with a rebound.
14:48 of 1st period - Wrist shot by Dominic Moore.
14:48 of 1st period - Shot Misses the Net.
14:50 of 1st period - Backhand shot by Brent Burns.
14:50 of 1st period - Stopped by Marc-André Fleury with a rebound.
14:52 of 1st period - Slapshot by Brent Burns.
14:52 of 1st period - Shot Blocked by Braydon Coburn.
14:54 of 1st period - Snap shot by Brent Burns.
14:54 of 1st period - Shot Blocked by Braydon Coburn.
14:58 of 1st period - Slapshot by Sheldon Keefe.
14:58 of 1st period - Shot Misses the Net.
15:04 of 1st period - Snap shot by Dominic Moore.
15:04 of 1st period - Stopped by Marc-André Fleury with a rebound.
15:06 of 1st period - Slapshot by Brent Burns.
15:06 of 1st period - Shot Blocked by Braydon Coburn.
15:08 of 1st period - Snap shot by Dominic Moore.
15:08 of 1st period - Goal by Dominic Moore - Maple Leafs : 0 - Blackhawks : 1.
15:09 of 1st period - Robert Nilsson wins face-off versus Evgeni Malkin in neutral zone.
15:36 of 1st period - Jeff Schultz is hit by Fabian Brunnstrom and loses puck.
17:18 of 1st period - Pierre-Marc Bouchard is hit by Rob Schremp and loses puck.
18:34 of 1st period - Viktor Kozlov is hit by Justin Abdelkader and loses puck.
18:51 of 1st period - Colby Armstrong is hit by Chris Higgins and loses puck.
19:25 of 1st period - Justin Schultz is hit by John Carlson and loses puck.
Goals for this period are 0 for Maple Leafs vs 1 for Blackhawks.
Shots for this period are 3 for Maple Leafs vs 14 for Blackhawks.

2nd period


0:01 of 2nd period - Evgeni Malkin wins face-off versus Robert Nilsson in neutral zone.
0:26 of 2nd period - Fabian Brunnstrom is hit by Pierre-Marc Bouchard and loses puck.
0:33 of 2nd period - Slapshot by Brendan Morrison.
0:33 of 2nd period - Stopped by Tyler Weiman with a rebound.
0:35 of 2nd period - Wrist shot by Fabian Brunnstrom.
0:35 of 2nd period - Shot Misses the Net.
0:45 of 2nd period - Matt Pettinger is hit by John Carlson and loses puck.
1:08 of 2nd period - Icing by John Carlson.
1:09 of 2nd period - Viktor Kozlov wins face-off versus Rob Schremp in Blackhawks zone.
1:36 of 2nd period - Slapshot by Brendan Morrison.
1:36 of 2nd period - Stopped by Tyler Weiman with a rebound.
1:38 of 2nd period - Slapshot by Justin Schultz.
1:38 of 2nd period - Shot Misses the Net.
1:40 of 2nd period - Slapshot by Justin Schultz.
1:40 of 2nd period - Shot Blocked by John Carlson.
1:42 of 2nd period - Snap shot by Fabian Brunnstrom.
1:42 of 2nd period - Deflect By Brendan Morrison.
1:42 of 2nd period - Shot Blocked by John Carlson.
1:42 of 2nd period - Puck is out of play.
1:43 of 2nd period - Kris Versteeg wins face-off versus Brendan Morrison in Blackhawks zone.
1:43 of 2nd period - Kris Versteeg is hit by Tobias Enstrom.
1:55 of 2nd period - Snap shot by Chris Higgins.
1:55 of 2nd period - Deflect By Robert Nilsson.
1:55 of 2nd period - Stopped by Marc-André Fleury with a rebound.
2:09 of 2nd period - Braydon Coburn is hit by Pierre-Marc Bouchard and loses puck.
2:16 of 2nd period - Snap shot by Pierre-Marc Bouchard.
2:16 of 2nd period - Deflect By Henrik Zetterberg.
2:16 of 2nd period - Stopped by Marc-André Fleury without a rebound.
2:17 of 2nd period - Evgeni Malkin wins face-off versus Robert Nilsson in Maple Leafs zone.
2:56 of 2nd period - Claude Giroux is hit by Daniel Carcillo and loses puck.
3:40 of 2nd period - Snap shot by Pierre-Marc Bouchard.
3:40 of 2nd period - Deflect By Henrik Zetterberg.
3:40 of 2nd period - Stopped by Marc-André Fleury with a rebound.
3:42 of 2nd period - Wrist shot by Pierre-Marc Bouchard.
3:42 of 2nd period - Stopped by Marc-André Fleury without a rebound.
3:43 of 2nd period - Robert Nilsson wins face-off versus Colby Armstrong in Maple Leafs zone.
4:34 of 2nd period - Claude Giroux is hit by Jamie Langenbrunner.
4:51 of 2nd period - Snap shot by Rob Schremp.
4:51 of 2nd period - Shot Blocked by Andy Rogers.
4:53 of 2nd period - Wrist shot by Justin Abdelkader.
4:53 of 2nd period - Stopped by Tyler Weiman without a rebound.
4:54 of 2nd period - Brendan Morrison wins face-off versus Pierre-Marc Bouchard in Blackhawks zone.
4:59 of 2nd period - Snap shot by Martins Karsums.
4:59 of 2nd period - Stopped by Tyler Weiman without a rebound.
5:00 of 2nd period - Brendan Morrison wins face-off versus Pierre-Marc Bouchard in Blackhawks zone.
5:12 of 2nd period - Minor Penalty to John Carlson for Hooking.
5:13 of 2nd period - Dominic Moore wins face-off versus Evgeni Malkin in Blackhawks zone.
5:49 of 2nd period - Wrist shot by Fabian Brunnstrom.
5:49 of 2nd period - Stopped by Tyler Weiman with a rebound.
7:12 of 2nd period - Penalty to John Carlson is over, John Carlson is back on ice.
7:32 of 2nd period - Justin Abdelkader is hit by Kris Versteeg and loses puck.
7:41 of 2nd period - Wrist shot by Justin Abdelkader.
7:41 of 2nd period - Shot Misses the Net.
7:59 of 2nd period - Wrist shot by Pierre-Marc Bouchard.
7:59 of 2nd period - Shot Hit the Post.
8:41 of 2nd period - Slapshot by Andy Rogers.
8:41 of 2nd period - Stopped by Marc-André Fleury with a rebound.
8:58 of 2nd period - Jamie McBain is hit by Jeff Schultz.
9:02 of 2nd period - Alexander Frolov is hit by Viktor Kozlov and loses puck.
9:21 of 2nd period - Daniel Carcillo is hit by Braydon Coburn and loses puck.
10:22 of 2nd period - Wrist shot by Daniel Carcillo.
10:22 of 2nd period - Shot Misses the Net.
10:24 of 2nd period - Wrist shot by Sheldon Keefe.
10:24 of 2nd period - Goal by Sheldon Keefe - Maple Leafs : 0 - Blackhawks : 2.
10:25 of 2nd period - Robert Nilsson wins face-off versus Evgeni Malkin in neutral zone.
10:30 of 2nd period - Snap shot by Kris Versteeg.
10:30 of 2nd period - Stopped by Marc-André Fleury without a rebound.
10:31 of 2nd period - Robert Nilsson wins face-off versus Evgeni Malkin in Maple Leafs zone.
10:48 of 2nd period - Snap shot by Kris Versteeg.
10:48 of 2nd period - Stopped by Marc-André Fleury without a rebound.
10:49 of 2nd period - Pierre-Marc Bouchard wins face-off versus Brendan Morrison in Maple Leafs zone.
10:54 of 2nd period - Snap shot by Pierre-Marc Bouchard.
10:54 of 2nd period - Shot Blocked by Tobias Enstrom.
11:07 of 2nd period - Off-side.
11:08 of 2nd period - Robert Nilsson wins face-off versus Evgeni Malkin in neutral zone.
11:23 of 2nd period - Wrist shot by Kris Versteeg.
11:23 of 2nd period - Stopped by Marc-André Fleury with a rebound.
11:25 of 2nd period - Snap shot by Kris Versteeg.
11:25 of 2nd period - Stopped by Marc-André Fleury with a rebound.
11:35 of 2nd period - Brent Burns is hit by Brendan Morrison and loses puck.
11:54 of 2nd period - Minor Penalty to Henrik Zetterberg for Roughing.
11:55 of 2nd period - Dominic Moore wins face-off versus Evgeni Malkin in Blackhawks zone.
12:28 of 2nd period - Snap shot by Colby Armstrong.
12:28 of 2nd period - Shot Misses the Net.
12:30 of 2nd period - Slapshot by Taylor Chorney.
12:30 of 2nd period - Stopped by Tyler Weiman with a rebound.
12:32 of 2nd period - Slapshot by Colby Armstrong.
12:32 of 2nd period - Goal by Colby Armstrong - Maple Leafs : 1 - Blackhawks : 2.
12:33 of 2nd period - Robert Nilsson wins face-off versus Evgeni Malkin in neutral zone.
12:44 of 2nd period - Tobias Enstrom is hit by John Carlson and loses puck.
13:32 of 2nd period - Off-side.
13:33 of 2nd period - Claude Giroux wins face-off versus Pierre-Marc Bouchard in neutral zone.
13:36 of 2nd period - Jeff Schultz is hit by Alexander Frolov and loses puck.
14:09 of 2nd period - Off-side.
14:10 of 2nd period - Evgeni Malkin wins face-off versus Dominic Moore in neutral zone.
14:23 of 2nd period - Slapshot by Dominic Moore.
14:23 of 2nd period - Shot Misses the Net.
14:25 of 2nd period - Slapshot by Daniel Carcillo.
14:25 of 2nd period - Shot Misses the Net.
14:35 of 2nd period - Ryan Malone is hit by Brendan Morrison and loses puck.
14:41 of 2nd period - Brent Burns is hit by Justin Schultz and loses puck.
15:01 of 2nd period - Icing by Kris Versteeg.
15:02 of 2nd period - Evgeni Malkin wins face-off versus Robert Nilsson in Blackhawks zone.
15:03 of 2nd period - Wrist shot by Claude Giroux.
15:03 of 2nd period - Shot Misses the Net.
15:05 of 2nd period - Slapshot by Tobias Enstrom.
15:05 of 2nd period - Stopped by Tyler Weiman with a rebound.
15:07 of 2nd period - Slapshot by Tobias Enstrom.
15:07 of 2nd period - Stopped by Tyler Weiman with a rebound.
15:09 of 2nd period - Snap shot by Alexander Frolov.
15:09 of 2nd period - Stopped by Tyler Weiman without a rebound.
15:10 of 2nd period - Robert Nilsson wins face-off versus Evgeni Malkin in Blackhawks zone.
16:19 of 2nd period - Rob Schremp is hit by Robert Nilsson and loses puck.
17:06 of 2nd period - Off-side.
17:07 of 2nd period - Brendan Morrison wins face-off versus Robert Nilsson in neutral zone.
17:45 of 2nd period - Wrist shot by Evgeni Malkin.
17:45 of 2nd period - Stopped by Tyler Weiman without a rebound.
17:46 of 2nd period - Robert Nilsson wins face-off versus Evgeni Malkin in Blackhawks zone.
17:46 of 2nd period - Robert Nilsson is hit by Taylor Chorney.
17:51 of 2nd period - Off-side.
17:52 of 2nd period - Alexander Frolov wins face-off versus Kris Versteeg in neutral zone.
18:05 of 2nd period - Snap shot by Claude Giroux.
18:05 of 2nd period - Deflect By Alexander Frolov.
18:05 of 2nd period - Shot Misses the Net.
18:05 of 2nd period - Puck is out of play.
18:06 of 2nd period - Evgeni Malkin wins face-off versus Chris Higgins in Blackhawks zone.
18:21 of 2nd period - Snap shot by Evgeni Malkin.
18:21 of 2nd period - Stopped by Tyler Weiman with a rebound.
18:23 of 2nd period - Wrist shot by Evgeni Malkin.
18:23 of 2nd period - Shot Hit the Post.
18:33 of 2nd period - Kris Versteeg is hit by Tobias Enstrom and loses puck.
18:56 of 2nd period - Slapshot by Chris Higgins.
18:56 of 2nd period - Stopped by Marc-André Fleury without a rebound.
18:57 of 2nd period - Evgeni Malkin wins face-off versus Henrik Zetterberg in Maple Leafs zone.
19:47 of 2nd period - Snap shot by Matt Pettinger.
19:47 of 2nd period - Stopped by Tyler Weiman with a rebound.
Goals for this period are 1 for Maple Leafs vs 1 for Blackhawks.
Shots for this period are 13 for Maple Leafs vs 11 for Blackhawks.

3rd period


0:01 of 3rd period - Evgeni Malkin wins face-off versus Robert Nilsson in neutral zone.
0:04 of 3rd period - Slapshot by Tobias Enstrom.
0:04 of 3rd period - Deflect By John Carlson.
0:04 of 3rd period - Stopped by Tyler Weiman with a rebound.
0:06 of 3rd period - Slapshot by Braydon Coburn.
0:06 of 3rd period - Stopped by Tyler Weiman with a rebound.
0:22 of 3rd period - Minor Penalty to John Carlson for Hooking.
0:23 of 3rd period - Dominic Moore wins face-off versus Evgeni Malkin in Blackhawks zone.
0:30 of 3rd period - Snap shot by Dominic Moore.
0:30 of 3rd period - Stopped by Marc-André Fleury without a rebound.
0:31 of 3rd period - Dominic Moore wins face-off versus Evgeni Malkin in Maple Leafs zone.
0:44 of 3rd period - Snap shot by Jamie Langenbrunner.
0:44 of 3rd period - Shot Blocked by Tobias Enstrom.
1:56 of 3rd period - Braydon Coburn is hit by Chris Higgins and loses puck.
2:07 of 3rd period - Colby Armstrong is hit by Wes O'Neill and loses puck.
2:22 of 3rd period - Penalty to John Carlson is over, John Carlson is back on ice.
2:32 of 3rd period - Noah Welch is hit by Brent Burns and loses puck.
3:44 of 3rd period - Minor Penalty to Alexander Frolov for Boarding.
3:45 of 3rd period - Claude Giroux wins face-off versus Robert Nilsson in Maple Leafs zone.
4:22 of 3rd period - Backhand shot by Chris Higgins.
4:22 of 3rd period - Shot Misses the Net.
4:55 of 3rd period - Braydon Coburn is hit by Chris Campoli and loses puck.
5:44 of 3rd period - Penalty to Alexander Frolov is over, Alexander Frolov is back on ice.
5:48 of 3rd period - Snap shot by Brendan Morrison.
5:48 of 3rd period - Shot Misses the Net.
6:07 of 3rd period - Jamie McBain is hit by Daniel Carcillo and loses puck.
6:41 of 3rd period - Justin Schultz is hit by Daniel Carcillo and loses puck.
7:18 of 3rd period - Wrist shot by Justin Abdelkader.
7:18 of 3rd period - Shot Blocked by Robert Nilsson.
7:20 of 3rd period - Snap shot by Rob Schremp.
7:20 of 3rd period - Stopped by Tyler Weiman without a rebound.
7:21 of 3rd period - Rob Schremp wins face-off versus Pierre-Marc Bouchard in Blackhawks zone.
7:22 of 3rd period - Wrist shot by Blake Comeau.
7:22 of 3rd period - Stopped by Tyler Weiman without a rebound.
7:23 of 3rd period - Claude Giroux wins face-off versus Pierre-Marc Bouchard in Blackhawks zone.
7:36 of 3rd period - Wrist shot by Henrik Zetterberg.
7:36 of 3rd period - Stopped by Marc-André Fleury with a rebound.
7:53 of 3rd period - Wrist shot by Jordan Staal.
7:53 of 3rd period - Stopped by Tyler Weiman with a rebound.
8:19 of 3rd period - Snap shot by Henrik Zetterberg.
8:19 of 3rd period - Stopped by Marc-André Fleury without a rebound.
8:20 of 3rd period - Claude Giroux wins face-off versus Robert Nilsson in Maple Leafs zone.
8:20 of 3rd period - Claude Giroux is hit by Andy Rogers.
8:26 of 3rd period - Snap shot by Evgeni Malkin.
8:26 of 3rd period - Deflect By Claude Giroux.
8:26 of 3rd period - Stopped by Tyler Weiman with a rebound.
8:38 of 3rd period - Off-side.
8:39 of 3rd period - Dominic Moore wins face-off versus Brendan Morrison in neutral zone.
9:00 of 3rd period - Minor Penalty to Sheldon Keefe for Hooking.
9:01 of 3rd period - Alexander Frolov wins face-off versus Dominic Moore in Blackhawks zone.
9:39 of 3rd period - Viktor Kozlov is hit by Colby Armstrong and loses puck.
9:53 of 3rd period - Minor Penalty to Andy Rogers for Hooking.
9:54 of 3rd period - Henrik Zetterberg wins face-off versus Evgeni Malkin in Blackhawks zone.
10:02 of 3rd period - Snap shot by Tobias Enstrom.
10:02 of 3rd period - Stopped by Tyler Weiman without a rebound.
10:03 of 3rd period - Evgeni Malkin wins face-off versus Henrik Zetterberg in Blackhawks zone.
10:06 of 3rd period - Snap shot by Evgeni Malkin.
10:06 of 3rd period - Stopped by Tyler Weiman with a rebound.
10:08 of 3rd period - Slapshot by Braydon Coburn.
10:08 of 3rd period - Shot Blocked by Brent Burns.
10:18 of 3rd period - Wrist shot by Claude Giroux.
10:18 of 3rd period - Shot Misses the Net.
10:20 of 3rd period - Slapshot by Braydon Coburn.
10:20 of 3rd period - Shot Misses the Net.
10:22 of 3rd period - Slapshot by Braydon Coburn.
10:22 of 3rd period - Deflect By Henrik Zetterberg.
10:22 of 3rd period - Stopped by Tyler Weiman with a rebound.
10:24 of 3rd period - Snap shot by Alexander Frolov.
10:24 of 3rd period - Stopped by Tyler Weiman without a rebound.
10:25 of 3rd period - Henrik Zetterberg wins face-off versus Brendan Morrison in Blackhawks zone.
10:36 of 3rd period - Slapshot by Brendan Morrison.
10:36 of 3rd period - Shot Blocked by Brent Burns.
11:00 of 3rd period - Penalty to Sheldon Keefe is over, Sheldon Keefe is back on ice.
11:08 of 3rd period - Snap shot by Brent Burns.
11:08 of 3rd period - Deflect By Dominic Moore.
11:08 of 3rd period - Stopped by Marc-André Fleury without a rebound.
11:09 of 3rd period - Dominic Moore wins face-off versus Evgeni Malkin in Maple Leafs zone.
11:18 of 3rd period - Wrist shot by Dominic Moore.
11:18 of 3rd period - Shot Misses the Net.
11:45 of 3rd period - Jamie McBain is hit by Jeff Schultz and loses puck.
11:53 of 3rd period - Penalty to Andy Rogers is over, Andy Rogers is back on ice.
12:43 of 3rd period - Alexander Frolov is hit by Sheldon Keefe and loses puck.
13:35 of 3rd period - Taylor Chorney is hit by John Carlson and loses puck.
13:48 of 3rd period - Matt Pettinger is hit by Henrik Zetterberg and loses puck.
13:55 of 3rd period - Pierre-Marc Bouchard is hit by Matt Pettinger and loses puck.
14:39 of 3rd period - Ryan Malone is hit by Brendan Morrison and loses puck.
15:05 of 3rd period - Off-side.
15:06 of 3rd period - Robert Nilsson wins face-off versus Alexander Frolov in neutral zone.
16:27 of 3rd period - Slapshot by Steve Bernier.
16:27 of 3rd period - Shot Misses the Net.
16:29 of 3rd period - Slapshot by Pierre-Marc Bouchard.
16:29 of 3rd period - Shot Blocked by Tobias Enstrom.
16:31 of 3rd period - Backhand shot by Andy Rogers.
16:31 of 3rd period - Stopped by Marc-André Fleury with a rebound.
16:33 of 3rd period - Snap shot by Steve Bernier.
16:33 of 3rd period - Stopped by Marc-André Fleury without a rebound.
16:34 of 3rd period - Jordan Staal wins face-off versus Dominic Moore in Maple Leafs zone.
16:39 of 3rd period - Snap shot by Daniel Carcillo.
16:39 of 3rd period - Stopped by Marc-André Fleury with a rebound.
16:41 of 3rd period - Slapshot by Sheldon Keefe.
16:41 of 3rd period - Shot Misses the Net.
16:43 of 3rd period - Slapshot by Brent Burns.
16:43 of 3rd period - Shot Misses the Net.
16:45 of 3rd period - Wrist shot by Daniel Carcillo.
16:45 of 3rd period - Shot Misses the Net.
16:59 of 3rd period - John Carlson is hit by Alexander Frolov and loses puck.
17:12 of 3rd period - Snap shot by Claude Giroux.
17:12 of 3rd period - Deflect By Kris Versteeg.
17:12 of 3rd period - Stopped by Tyler Weiman with a rebound.
17:23 of 3rd period - Minor Penalty to Martins Karsums for Roughing.
17:24 of 3rd period - Kris Versteeg wins face-off versus Claude Giroux in Maple Leafs zone.
17:36 of 3rd period - Snap shot by Robert Nilsson.
17:36 of 3rd period - Deflect By Kris Versteeg.
17:36 of 3rd period - Shot Misses the Net.
17:36 of 3rd period - Puck is out of play.
17:37 of 3rd period - Claude Giroux wins face-off versus Robert Nilsson in Maple Leafs zone.
18:04 of 3rd period - Braydon Coburn is hit by Chris Higgins and loses puck.
19:23 of 3rd period - Penalty to Martins Karsums is over, Martins Karsums is back on ice.
19:34 of 3rd period - Slapshot by Dominic Moore.
19:34 of 3rd period - Goal by Dominic Moore - Maple Leafs : 1 - Blackhawks : 3.
19:35 of 3rd period - Colby Armstrong wins face-off versus Dominic Moore in neutral zone.
19:38 of 3rd period - Slapshot by Matt Pettinger.
19:38 of 3rd period - Stopped by Tyler Weiman with a rebound.
19:40 of 3rd period - Snap shot by Braydon Coburn.
19:40 of 3rd period - Stopped by Tyler Weiman without a rebound.
19:41 of 3rd period - Jordan Staal wins face-off versus Dominic Moore in Blackhawks zone.
19:42 of 3rd period - Snap shot by Colby Armstrong.
19:42 of 3rd period - Stopped by Tyler Weiman without a rebound.
19:43 of 3rd period - Jordan Staal wins face-off versus Dominic Moore in Blackhawks zone.
19:57 of 3rd period - Icing by Tobias Enstrom.
19:58 of 3rd period - Jordan Staal wins face-off versus Pierre-Marc Bouchard in Maple Leafs zone.
Goals for this period are 0 for Maple Leafs vs 1 for Blackhawks.
Shots for this period are 14 for Maple Leafs vs 8 for Blackhawks.